 Dungeon Crawl Stone Soup version 0.28-a0-172-g787e458d71 (webtiles) character file.

Game seed: 9119279132012329455

54580 Anon1729 the Fencer (level 14, -8/129 HPs)
             Began as a Minotaur Monk on Aug 16, 2021.
             Was a High Priest of Trog.
             Mangled by a sixfirhy (9 damage)
             ... summoned by an orc high priest
             ... on level 2 of the Orcish Mines.
             The game lasted 00:35:39 (17812 turns).

Anon1729 the Fencer (Minotaur Monk)                Turns: 17812, Time: 00:35:40

Health: -8/129     AC: 30    Str: 21    XL:     14   Next: 35%
Magic:  13/13      EV: 15    Int:  7    God:    Trog [*****.]
Gold:   1495       SH:  0    Dex: 13    Spells: 13/13 levels left

rFire   + . .      SeeInvis .   Z - +2 long sword (vamp)
rCold   . . .      Faith    .   (no shield)
rNeg    . . .      Spirit   .   W - +10 plate armour {ponderous}
rPois   .          Reflect  .   (helmet restricted)
rElec   .          Harm     .   S - scarf {repulsion}
rCorr   .          Rampage  .   Y - +1 pair of gloves
Will    +....                   w - +0 pair of boots
Stlth   ..........              O - amulet of regeneration
HPRegen 1.31/turn               h - +4 ring of evasion
MPRegen 0.13/turn               V - ring of protection from fire

@: attractive, flying, repel missiles, slow
A: horns 2, retaliatory headbutt
a: Renounce Religion, Berserk, Trog's Hand, Brothers in Arms


You were on level 2 of the Orcish Mines.
You worshipped Trog.
Trog was extremely pleased with you.
You visited 2 branches of the dungeon, and saw 17 of its levels.

You collected 1666 gold pieces.
You spent 171 gold pieces at shops.

Inventory:

Hand Weapons
 a - a +3 scimitar of flaming
 g - a +0 vorpal long sword
 Z - a +2 vampiric long sword (weapon)
Missiles
 c - 361 stones
 y - 5 throwing nets
 T - 6 curare-tipped darts
Armour
 b - a +1 cloak
 s - the +6 ring mail of Exclusion {rC- Int+3}
   (You found it on level 4 of the Dungeon)

   Int:       It affects your intelligence (+3).
   rC:        It makes you vulnerable to cold.
 w - a +0 pair of boots (worn)
 E - a +1 chain mail of willpower
 S - a scarf of repulsion (worn)
 W - a +10 plate armour of ponderousness (worn)
 Y - a +1 pair of gloves (worn)
Jewellery
 h - a +4 ring of evasion (left hand)
 q - an amulet of faith
 H - a ring of poison resistance
 J - an amulet of magic regeneration
 K - a ring of magical power
 O - an amulet of regeneration (around neck)
 U - a ring of see invisible
 V - a ring of protection from fire (right hand)
Wands
 m - a wand of mindburst (24)
 n - a wand of digging (21)
 x - a wand of iceblast (8)
 P - a wand of flame (52)
 R - a wand of acid (7)
Scrolls
 d - a scroll of summoning {unknown}
 f - 8 scrolls of identify {unknown}
 i - 3 scrolls of noise {unknown}
 l - a scroll of enchant weapon {unknown}
 p - a scroll of blinking {unknown}
 t - 2 scrolls of immolation {unknown}
 z - 2 scrolls of teleportation {unknown}
 B - 3 scrolls of enchant armour
 D - 2 scrolls of brand weapon {unknown}
 G - a scroll of torment {unknown}
 I - 2 scrolls of magic mapping
 L - 2 scrolls of fear {unknown}
Potions
 j - 3 potions of heal wounds {unknown}
 k - a potion of resistance {unknown}
 o - 4 potions of might {unknown}
 r - a potion of haste {unknown}
 u - 5 potions of curing
 v - 7 potions of attraction
 A - 2 potions of magic {unknown}
 C - 4 potions of brilliance {unknown}
 F - 5 potions of lignification
 N - a potion of ambrosia {unknown}
 Q - 4 potions of flight
 X - a potion of mutation {unknown}


   Skills:
 + Level 13.4 Fighting
 * Level 17.8 Long Blades
 + Level 13.0 Armour
 + Level 12.5 Dodging
 - Level 5.5 Stealth


You had 13 spell levels left.
You didn't know any spells.
Your spell library contained the following spells:

 Spells                   Type           Power      Damage    Failure   Level
 Animate Skeleton         Necr           0%         N/A       99%         1
 Pain                     Necr           0%         1d4       99%         1
 Portal Projectile        Hex/Tloc       0%         N/A       100%        3
 Vampiric Draining        Necr           0%         2d6       100%        3
 Blade Hands              Tmut           0%         N/A       100%        5
 Excruciating Wounds      Necr           0%         N/A       100%        5


Dungeon Overview and Level Annotations

Branches:
Dungeon (15/15)            Temple (0/1) D:5            Lair (0/6) D:9
    Orc (2/2) D:12            Elf (0/3) Orc:2        Vaults (0/5) D:14
 Depths (0/5) D:15

Altars:
Dithmenos
Fedhas
Gozag
Hepliaklqana
Nemelex Xobeh
Okawaru
Qazlal
Trog
Uskayaw
Vehumet
Xom
Yredelemnul
Zin
The Shining One

Shops:
D:7 *[*   D:11 (

Annotations:
D:13 1 runed translucent door, Qaiggovi's ghost, journeyman GrFi
D:15 1 runed translucent door, exclusion: orange crystal statue


Innate Abilities, Weirdness & Mutations

You have a pair of horns on your head.
You reflexively headbutt those who attack you in melee.


Message History

* * * LOW HITPOINT WARNING * * *
Okay, then.
Unknown command.
Unknown command.
Okay, then.
It was a potion of flight.
You feel very buoyant.
You fly up into the air.
The orc priest calls down the wrath of Beogh upon you.
Beogh smites you!
* * * LOW HITPOINT WARNING * * *
It was a potion of attraction.
You feel attractive to monsters. The sixfirhy barely misses you.
You furiously retaliate!
You headbutt the sixfirhy!
The orc priest begins to cast a cantrip, but forgets the words!
The sixfirhy barely misses you. You furiously retaliate!
You headbutt the sixfirhy! The orc is pulled toward you!
Okay, then.
Unknown command.
Unknown command.
Okay, then.
Okay, then.
Okay, then.
It was a potion of curing.
You feel better.
The sixfirhy hits you but does no damage. x2
The sixfirhy completely misses you. You furiously retaliate!
You headbutt the sixfirhy, but do no damage.
You riposte.
You slash the sixfirhy!
The sixfirhy is severely wounded.
The orc priest calls down the wrath of Beogh upon you.
Beogh smites you!
* * * LOW HITPOINT WARNING * * *
The orc priest invokes the aid of Beogh against you.
Beogh smites you!
* * * LOW HITPOINT WARNING * * *
The sixfirhy hits you.
* * * LOW HITPOINT WARNING * * *
The sixfirhy shocks you!
You die...

.........##......
.........#.......
..........#o#.#.#.
...........o......
.........o)).oo...
........ooo)ooo...
#............oo#o#o#.#.
#.............o3#.o.
#.............o@##....
#...............# ##....
#............)..# ##..
#...........))).# #
##..........))##########
#...........).#........#
#....................##
###
##....................#
##.##
#.....................#
#...#


You could see an orc knight, a sixfirhy (summoned), 2 orc warriors, 4 orc
priests and 3 orcs.

Vanquished Creatures
  Donald (Orc:2)
  Azrael (Orc:2)
  A fire dragon (D:15)
  A hydra (D:15)
  An ogre mage (D:15)
  3 boulder beetles
  8 vault guards
  3 centaur warriors
  A catoblepas (D:15)
  11 two-headed ogres
  An orc high priest (Orc:1)
  A necromancer (D:15)
  A wolf spider (D:15)
  10 ugly things
  3 deep elf pyromancers
  3 orc sorcerers
  A manticore (D:12)
  7 cyclopes
  A naga mage (D:15)
  9 yaktaurs (D:15)
  A kobold demonologist (D:10)
  2 komodo dragons
  3 meliai
  7 trolls
  A hornet (D:8)
  Grinder (D:3)
  13 slime creatures
  A centaur simulacrum (D:15)
  A yak (shapeshifter) (D:10)
  A spriggan (shapeshifter) (D:13)
  A vampire (D:14)
  A wraith (D:11)
  2 wyverns
  15 yaks
  A basilisk (shapeshifter) (D:14)
  A basilisk (D:15)
  4 humans
  2 vampire mosquitoes (D:11)
  2 steam dragons
  4 wargs
  2 acid dragons
  A water moccasin (D:8)
  Duvessa (D:5)
  5 hell hounds (Orc:2)
  A hornet zombie (D:7)
  An ice beast (D:8)
  10 orc warriors
  9 ogres
  2 necrophages (D:6)
  8 centaurs
  4 phantoms
  2 kobold brigands
  Blork the orc (D:4)
  2 bullfrogs
  A scorpion (D:4)
  Dowan (D:5)
  A water moccasin zombie (D:6)
  An electric eel (D:13)
  6 centaur zombies
  4 hounds
  20 orc priests
  3 centaur skeletons
  A bullfrog skeleton (D:5)
  Crazy Yiuf (D:3)
  Ijyb (D:3)
  14 orc wizards
  A killer bee zombie (D:5)
  A mummy (D:4)
  A howler monkey zombie (D:9)
  Robin (D:3)
  4 gnolls (D:8)
  7 adders
  3 shadow imps
  2 white imps
  An adder skeleton (D:4)
  A worm (D:4)
  5 dart slugs
  47 orcs
  5 endoplasms
  3 giant cockroaches
  11 hobgoblins
  7 jackals (D:1)
  3 quokkas
  7 ball pythons
  4 bats
  3 frilled lizards
  15 goblins
  A hobgoblin zombie (D:4)
  20 kobolds
  3 kobold zombies (D:4)
  7 rats
  A spectral hobgoblin (D:12)
399 creatures vanquished.

Vanquished Creatures (collateral kills)
  3 hydras
  An ugly thing (D:13)
4 creatures vanquished.

Vanquished Creatures (others)
  An orc wizard (D:10)
  An orc (D:12)
  2 plants (D:9)
4 creatures vanquished.

Grand Total: 407 creatures vanquished

Notes
Turn   | Place    | Note
-------+----------+-------------------------------------------
     0 | D:1      | Anon1729 the Minotaur Monk began the quest for the Orb.
     0 | D:1      | Reached XP level 1. HP: 19/19 MP: 0/0
   531 | D:1      | Reached XP level 2. HP: 26/27 MP: 1/1
   630 | D:1      | Reached skill level 4 in Long Blades
   874 | D:1      | Reached skill level 1 in Armour
   886 | D:1      | Reached XP level 3. HP: 21/33 MP: 2/2
  1647 | D:2      | Found a faded altar of an unknown god.
  1662 | D:2      | Became a worshipper of Trog the Wrathful
  1662 | D:2      | Reached * piety under Trog
  1662 | D:2      | Reached ** piety under Trog
  1925 | D:2      | Reached XP level 4. HP: 40/40 MP: 3/3
  1948 | D:2      | Reached *** piety under Trog
  2028 | D:2      | You fall into a shaft and drop 1 floor!
  2033 | D:3      | Noticed Robin
  2061 | D:3      | Killed Robin
  2111 | D:3      | Noticed a bullfrog
  2118 | D:3      | Killed a bullfrog
  2119 | D:3      | Reached skill level 5 in Long Blades
  2119 | D:3      | Reached XP level 5. HP: 47/47 MP: 4/4
  2187 | D:3      | Found a runed translucent door.
  2188 | D:3      | Noticed Crazy Yiuf
  2236 | D:3      | Noticed Ijyb
  2252 | D:3      | Killed Ijyb
  2454 | D:3      | Noticed Grinder
  2474 | D:3      | Paralysed by Grinder for 5 turns
  2485 | D:3      | Killed Grinder
  2486 | D:3      | Reached skill level 6 in Long Blades
  2486 | D:3      | Reached XP level 6. HP: 21/55 MP: 5/5
  2954 | D:3      | Killed Crazy Yiuf
  2955 | D:3      | Reached skill level 5 in Fighting
  3056 | D:4      | Reached XP level 7. HP: 61/61 MP: 6/6
  3058 | D:4      | Noticed Blork the orc
  3064 | D:4      | Killed Blork the orc
  3094 | D:4      | Found a glowing silver altar of Zin.
  3179 | D:4      | Identified the +6 ring mail of Exclusion {rC- Int+3}
  3465 | D:4      | Reached skill level 7 in Long Blades
  3465 | D:4      | Reached skill level 5 in Dodging
  3598 | D:4      | Reached **** piety under Trog
  3965 | D:5      | Entered Level 5 of the Dungeon
  4052 | D:5      | Noticed Dowan
  4054 | D:5      | Noticed Duvessa
  4071 | D:5      | Killed Duvessa
  4072 | D:5      | Reached XP level 8. HP: 66/70 MP: 7/7
  4309 | D:5      | Found a staircase to the Ecumenical Temple.
  4421 | D:5      | Killed Dowan
  4499 | D:5      | Found a shadowy altar of Dithmenos.
  4782 | D:6      | Reached skill level 8 in Long Blades
  4884 | D:6      | Found an opulent altar of Gozag.
  5139 | D:6      | Found a radiant altar of Vehumet.
  5153 | D:6      | Reached skill level 5 in Armour
  5807 | D:7      | Found a sparkling altar of Nemelex Xobeh.
  5829 | D:7      | Noticed a +0 hand axe
  5829 | D:7      | Noticed a +0 hand axe
  5831 | D:7      | Found a hide-covered altar of Uskayaw.
  5922 | D:7      | Found Gaffeche's General Store.
  5935 | D:7      | Reached skill level 9 in Long Blades
  5951 | D:7      | Reached XP level 9. HP: 59/78 MP: 8/8
  6038 | D:7      | Bought a potion of lignification for 33 gold pieces
  6038 | D:7      | Bought a scroll of enchant armour for 82 gold pieces
  6064 | D:7      | Found Cuham's Armour Emporium.
  6108 | D:7      | Found Ponul's General Store.
  6331 | D:7      | Found a basalt altar of Yredelemnul.
  7081 | D:7      | Found a glowing golden altar of the Shining One.
  7178 | D:8      | Reached skill level 5 in Stealth
  7242 | D:8      | Reached skill level 10 in Long Blades
  7247 | D:7      | Bought a scroll of magic mapping for 56 gold pieces
  7839 | D:9      | Noticed a two-headed ogre
  7844 | D:9      | Killed a two-headed ogre
  8036 | D:9      | Reached XP level 10. HP: 88/88 MP: 9/9
  8158 | D:9      | Reached skill level 11 in Long Blades
  8380 | D:9      | Found a shimmering altar of Xom.
  8445 | D:9      | Found a bloodstained altar of Trog.
  8457 | D:9      | Found a blossoming altar of Fedhas.
  8472 | D:9      | Found a stormy altar of Qazlal.
  8522 | D:9      | Found a staircase to the Lair.
  8702 | D:10     | Entered Level 10 of the Dungeon
  8853 | D:10     | Noticed a two-headed ogre
  8862 | D:10     | Killed a two-headed ogre
  9421 | D:10     | Found an iron altar of Okawaru.
  9761 | D:11     | Noticed a two-headed ogre
  9766 | D:11     | Reached skill level 12 in Long Blades
  9769 | D:11     | Killed a two-headed ogre
  9818 | D:11     | Reached XP level 11. HP: 58/97 MP: 10/10
 10111 | D:11     | Noticed a boulder beetle
 10550 | D:11     | Found Amuzxo's Weapon Boutique.
 10651 | D:11     | Killed a boulder beetle
 10652 | D:11     | Reached skill level 13 in Long Blades
 10870 | D:11     | Noticed a deep elf pyromancer
 10878 | D:11     | Killed a deep elf pyromancer
 11206 | D:11     | Noticed a two-headed ogre
 11215 | D:11     | Killed a two-headed ogre
 11216 | D:11     | Reached skill level 10 in Fighting
 11462 | D:11     | Noticed a two-headed ogre
 11470 | D:11     | Killed a two-headed ogre
 11665 | D:12     | Noticed a boulder beetle
 11672 | D:12     | Killed a boulder beetle
 11845 | D:12     | Found a staircase to the Orcish Mines.
 12025 | D:12     | Noticed a sea snake
 12138 | D:12     | Noticed a green ugly thing
 12156 | D:12     | Killed a green ugly thing
 12194 | D:12     | Reached skill level 14 in Long Blades
 12220 | D:12     | Found a hazy altar of Hepliaklqana.
 12757 | D:13     | Reached skill level 10 in Armour
 12773 | D:13     | Reached XP level 12. HP: 85/108 MP: 11/11
 12776 | D:13     | Noticed a two-headed ogre
 12786 | D:13     | Killed a two-headed ogre
 12793 | D:13     | Noticed a centaur warrior
 12805 | D:13     | Killed a centaur warrior
 12806 | D:13     | Reached skill level 10 in Dodging
 12925 | D:13     | Reached ***** piety under Trog
 13031 | D:13     | Found a runed translucent door.
 13032 | D:13     | Noticed Qaiggovi's ghost (journeyman GrFi)
 13446 | D:13     | Noticed a two-headed ogre
 13452 | D:13     | Killed a two-headed ogre
 13797 | D:14     | Noticed a centaur warrior
 13814 | D:14     | Reached skill level 15 in Long Blades
 13820 | D:14     | Killed a centaur warrior
 14083 | D:14     | Noticed a seven-headed hydra
 14091 | D:14     | Killed a seven-headed hydra
 14115 | D:14     | Noticed a boulder beetle
 14138 | D:14     | Killed a boulder beetle
 14214 | D:14     | Noticed a four-headed hydra
 14292 | D:13     | Reached XP level 13. HP: 65/117 MP: 12/12
 14631 | D:14     | Reached skill level 16 in Long Blades
 14987 | D:14     | Found a gate to the Vaults.
 15141 | D:15     | Entered Level 15 of the Dungeon
 15343 | D:15     | Received a gift from Trog
 15481 | D:15     | Noticed a fire dragon
 15495 | D:15     | Killed a fire dragon
 15528 | D:15     | Found a runed translucent door.
 15573 | D:15     | Reached skill level 17 in Long Blades
 15954 | D:15     | Reached XP level 14. HP: 129/129 MP: 13/13
 15955 | D:15     | Found a staircase to the Depths.
 16513 | Orc:1    | Entered Level 1 of the Orcish Mines
 16592 | Orc:2    | Entered Level 2 of the Orcish Mines
 17215 | Orc:2    | Noticed Donald
 17242 | Orc:2    | Killed Donald
 17393 | Orc:2    | Noticed Azrael
 17417 | Orc:2    | Killed Azrael
 17461 | Orc:2    | Found a staircase to the Elven Halls.
 17771 | Orc:2    | Received a gift from Trog
 17812 | Orc:2    | HP: 2/129 [orc priest/divine providence (14)]
 17812 | Orc:2    | Mangled by a sixfirhy

Illustrated notes

Levels and vault maps discovered:
D:1:      sevenhm_arrival_forest_fort_large_2, layout_basic, chequers_avenue,
          st_stairs_1, nrook_mini_vaults
D:2:      layout_loops_ring, basic_ecumenical_altar, dk_vineyard_1
D:3:      layout_basic, uniq_grinder, uniq_ijyb, uniq_robin,
          uniq_crazy_yiuf_cottage
D:4:      layout_cave_pods, zin_academy, minivault_26, minmay_mini_ossuary,
          uniq_blork_the_orc
D:5:      layout_cave_pools, mainiacjoe_overflow_brackets,
          minmay_temple_entry_tees, hangedman_glass_teeth, uniq_duvessa
D:6:      layout_loops_cross, nicolae_vehumet_radiance, kennysheep_mini_moat
D:7:      layout_basic, nicolae_overflow_hidden_temple, dancing_weapons_uskayaw,
          nemelex_altar_shiori, mainiacjoe_overflow_alcove_2, serial_shops,
          shop, shop, nicolae_take_the_stairs, kennysheep_generic_room_6
D:8:      layout_basic
D:9:      layout_roguey, grunt_temple_overflow_cloverleaf, david_lair_shrubbed
D:10:     layout_basic, okawaru_trees_2
D:11:     layout_layer_cave, serial_shops, shop, abandoned_shop, abandoned_shop,
          minmay_crystal_room, hex_large, minmay_quadrilaterals
D:12:     layout_basic, david_orc_3, serial_aquarium,
          aquarium_bridge_long_joined [aquarium_subvault_bridge,
          aquarium_subvault_wall, aquarium_subvault_window,
          aquarium_subvault_window, aquarium_subvault_bridge,
          aquarium_subvault_wall], aquarium_window_3, aquarium_window_fake,
          aquarium_view_2g, aquarium_pool_2, minmay_misc_feat_x,
          nicolae_hepliaklqana_monster_ancestors
D:13:     layout_basic, ebering_ghost_reflecting_pool, st_stairs_3
D:14:     layout_cave_pools, ximxim_vaults_locker_room, nrook_mini_backslash
D:15:     grunt_enter_depths_magical_seal, layout_basic, minmay_crystal_box
Orc:1:    layout_diamond_mine
Orc:2:    st_orc_pillars, layout_caves, uniq_azrael, uniq_donald

Skill      XL: |  1  2  3  4  5  6  7  8  9 10 11 12 13 14 |
---------------+-------------------------------------------+-----
Long Blades    | 4 5 6 7 9 10 12 14 15 17 | 17.8
Armour         | 1 2 3 4 5 6 8 10 11 12 13 | 13.0
Stealth        | 2 3 4 5 |  5.5
Fighting       | 4 5 6 7 9 10 11 13 | 13.4
Dodging        | 4 5 6 7 8 9 11 12 | 12.5

Action                   |  1- 3 |  4- 6 |  7- 9 | 10-12 | 13-15 || total
-------------------------+-------+-------+-------+-------+-------++-------
Melee: Falchion          |   119 |    91 |   310 |       |       ||   520
       Headbutt          |    18 |    18 |    83 |   148 |   153 ||   420
       Scimitar          |       |       |     5 |   501 |   180 ||   686
       Long sword        |       |       |       |       |   320 ||   320
Throw: Stone             |       |       |     1 |     1 |       ||     2
       Dart              |       |       |       |     7 |       ||     7
Invok: Berserk           |       |     3 |     5 |    10 |    12 ||    30
       Trog's Hand       |       |     1 |       |       |       ||     1
       Brothers in Arms  |       |       |     1 |     1 |     3 ||     5
Evoke: Wand              |       |       |     3 |     1 |     2 ||     6
  Use: Potion            |       |       |       |       |     3 ||     3
 Stab: Sleeping          |       |       |     1 |       |       ||     1
       Petrified         |       |       |       |       |     9 ||     9
       Petrifying        |       |       |       |       |     1 ||     1
Armor: Chain mail        |    75 |    33 |    69 |    95 |       ||   272
       Robe              |     1 |       |       |       |       ||     1
       Ring mail         |       |       |    30 |       |       ||    30
       Plate armour      |       |       |       |   127 |   243 ||   370
Dodge: Dodged            |    59 |    37 |   194 |   295 |   319 ||   904
       Repelled          |       |       |       |       |     1 ||     1
       Rpst.: Falchion   |    17 |    11 |    48 |       |       ||    76
       Scimitar          |       |       |     2 |    71 |    23 ||    96
       Long sword        |       |       |       |       |    56 ||    56

Table legend: (Time is in decaauts)
 A = Elapsed time spent in this place.
 B = Non-inter-level travel time spent in this place.
 C = Inter-level travel time spent in this place.
 D = Time resting spent in this place.
 E = Time spent auto-exploring this place.
 F = Levels seen in this place.
 G = Mean time per level.
                   A        B        C        D        E       F      G
               +--------+--------+--------+--------+--------+-----+--------+
         Total |  18124 |  17462 |    662 |   1665 |  12890 |  17 | 1066.1 |
       Dungeon |  16793 |  16150 |    643 |   1601 |  11974 |  15 | 1119.5 |
  Orcish Mines |   1331 |   1313 |     18 |     64 |    916 |   2 |  665.5 |
               +--------+--------+--------+--------+--------+-----+--------+

Top non-repeatable levels by time:
    D:11: 1943 daAuts
     D:7: 1677 daAuts
    D:13: 1510 daAuts
     D:1: 1447 daAuts
    D:15: 1415 daAuts
     D:4: 1199 daAuts
    D:12: 1095 daAuts
    D:10: 1048 daAuts
    D:14: 1026 daAuts
     D:3: 1005 daAuts
     D:9: 857 daAuts
     D:6: 789 daAuts
   Orc:2: 697 daAuts
   Orc:1: 633 daAuts
     D:8: 613 daAuts
